cohdb
Replays
Latest Replays
All Replays
Popular Replays
Top Player Replays
Match Explorer
How It Works
Community
CoH3 Stats
Reddit
Sign in to upload your games and track your stats! →
Sign in with Steam
Match 42592489
Unlisted
Match 42592489
Overview
Messages
Build Orders
End
Scout Squad
Selects Airborne Battlegroup
Selects Pathfinders
Construct Weapon Support Center
M1919 Machine Gun Team
Construct Medical Station
Selects Paratrooper Squad Paradrop
Paratrooper Squad Paradrop
Paratrooper Squad Paradrop
Mechanized Support Center
Engineer Squad
Paratrooper Squad Paradrop
Construct Tank Depot
Improved M9 Bazooka Rockets
Bran
DrewP
Dillbro
Rum
NotKing
TheShrink
0
0
Comments
sign in to comment!
No comments posted yet!